 Dungeon Crawl Stone Soup version 0.22-a0-305-gd21a89c (webtiles) character file.

2782 b5mith the Carver (level 9, -4/121 HPs)
             Began as a Minotaur Berserker on Mar 29, 2018.
             Was an Elder of Trog.
             Slain by an orc warrior
             ... wielding a +0 glaive
              (24 damage)
             ... on level 9 of the Dungeon.
             The game lasted 00:15:17 (6817 turns).

b5mith the Carver (Minotaur Berserker)              Turns: 6817, Time: 00:15:17

Health: -4/121     AC: 12    Str: 30    XL:     9   Next: 43%
Magic:  8/8        EV: 12    Int:  4    God:    Trog [****..]
Gold:   430        SH:  5    Dex: 10    Spells: 8/8 levels left

rFire    . . .     SeeInvis .   a - +0 falchion
rCold    . . .     Gourm    .   p - +0 buckler (curse)
rNeg     . . .     Faith    .   d - +0 chain mail
rPois    .         Spirit   .   (helmet restricted)
rElec    .         Reflect  .   (no cloak)
rCorr    .         Harm     .   K - +0 pair of gloves
MR       .....                  (no boots)
Stlth    ..........             (no amulet)
HPRegen  0.30/turn              o - ring of wizardry
MPRegen  0.11/turn              (no ring)

@: berserking, very quick
A: retaliatory headbutt, horns 2
a: Berserk, Trog's Hand, Brothers in Arms, Renounce Religion


You were on level 9 of the Dungeon.
You worshipped Trog.
Trog was greatly pleased with you.
You were very hungry.

You visited 1 branch of the dungeon, and saw 9 of its levels.

You collected 430 gold pieces.

Inventory:

Hand Weapons
 a - a +0 falchion (weapon)
 v - a +0 hunting sling
Missiles
 s - 16 tomahawks (quivered)
Armour
 b - a +0 animal skin
 d - a +0 chain mail (worn)
 p - a cursed +0 buckler (worn)
 K - a +0 pair of gloves (worn)
Jewellery
 o - a ring of wizardry (left hand)
 y - a cursed ring of teleportation
 G - an uncursed ring of positive energy
Wands
 C - a wand of acid (6)
 L - a wand of random effects (24)
 M - a wand of clouds (6)
 N - a wand of paralysis (12)
Scrolls
 f - a scroll of noise {unknown}
 k - 3 scrolls of amnesia
 l - 6 scrolls of remove curse {@r2}
 m - 2 scrolls of magic mapping
 q - a scroll of fear {unknown}
 r - a scroll of fog {unknown}
 z - a scroll of blinking {unknown}
 A - a scroll of random uselessness {unknown}
 B - 3 scrolls of teleportation
 E - a scroll of enchant weapon {unknown}
 F - 8 scrolls of identify {@r1}
 J - a scroll of enchant armour {unknown}
Potions
 e - 3 potions of cancellation
 g - 2 potions of agility
 h - 2 potions of haste
 i - 4 potions of berserk rage
 j - a potion of resistance
 n - 6 potions of curing {@q1}
 t - a potion of brilliance {unknown}
 u - a potion of mutation {unknown}
 w - a potion of might {unknown}
 x - 2 potions of lignification
 D - a potion of invisibility {unknown}
 H - a potion of flight {unknown}
 I - a potion of heal wounds {unknown}
Comestibles
 c - 17 rations


   Skills:
 + Level 8.0 Fighting
 + Level 8.0 Long Blades
 + Level 7.6 Armour
 + Level 6.8 Dodging
 + Level 6.1 Shields


You had 8 spell levels left.
You didn't know any spells.

Dungeon Overview and Level Annotations

Branches:
Dungeon (9/15)             Temple (0/1) D:6
   Lair: D:8-11         Orc: D:9-12

Altars:
Ashenzari
Gozag
Hepliaklqana
Ru
Uskayaw
Xom
Zin

Shops:
D:7 :

Annotations:
D:2 2 transporters


Innate Abilities, Weirdness & Mutations

You reflexively headbutt those who attack you in melee.
You have a pair of horns on your head.


Message History

Your headbutt misses the orc warrior.
The orc warrior is almost dead.
The orc warrior hits you with a glaive!
* * * LOW HITPOINT WARNING * * *
You closely miss the orc warrior.
You headbutt the orc warrior, but do no damage.
The orc warrior is almost dead.
The orc barely misses you. The orc hits you but does no damage.
The orc warrior hits you with a glaive!
* * * LOW HITPOINT WARNING * * *
A red film seems to cover your vision as you go berserk!
You feel yourself moving faster!
You feel mighty!
You are feeling very hungry.
The orc closely misses you. You furiously retaliate!
You headbutt the orc. The orc barely misses you.
You riposte.
You closely miss the orc. You hit the orc warrior.
You headbutt the orc warrior, but do no damage.
The orc warrior is almost dead.
The orc warrior hits you with a glaive!!
You die...

..........#.......#
..........#(......#
..........#.......#
:..###...<##......#
...###....##......####
.....................#
.....................#
...............).....#
...............o@o...#
################o#####
.... ...... .........
.......... ......###.#
.....).# .#


You could see an orc warrior and 2 orcs.

Vanquished Creatures
  Menkaure (D:7)
  A sky beast (D:5)
  A phantom (D:5)
  5 ogres
  2 centaurs (D:7)
  3 bullfrogs
  A gnoll sergeant (D:7)
  5 scorpions
  4 killer bees (D:7)
  A howler monkey (D:6)
  A crimson imp (D:4)
  3 centaur zombies
  A quasit (D:7)
  2 orc priests
  2 centaur skeletons (D:4)
  4 hounds
  3 jellies
  A bullfrog skeleton (D:8)
  3 iguanas
  Ijyb (D:5)
  4 orc wizards
  5 worker ants
  A hound zombie (D:8)
  A hound skeleton (D:5)
  8 gnolls
  10 adders
  A shadow imp (D:6)
  An ooze (D:4)
  3 worms
  2 dart slugs
  2 leopard geckos
  18 orcs
  9 giant cockroaches
  A hobgoblin (D:1)
  4 jackals (D:3)
  8 kobolds
  6 quokkas
  2 ball pythons
  7 bats
  3 frilled lizards
  A giant cockroach zombie (D:5)
  7 goblins
  A jackal zombie (D:6)
  A quokka skeleton (D:5)
  7 rats
158 creatures vanquished.

Notes
Turn   | Place    | Note
-------+----------+-------------------------------------------
     0 | D:1      | b5mith the Minotaur Berserker began the quest for the Orb.
     0 | D:1      | Reached XP level 1. HP: 19/19 MP: 0/0
   324 | D:1      | Reached XP level 2. HP: 27/27 MP: 1/1
   685 | D:2      | Reached XP level 3. HP: 32/33 MP: 2/2
   770 | D:2      | Found a hazy altar of Hepliaklqana.
   772 | D:2      | Noticed an ogre
   776 | D:2      | Killed an ogre
   776 | D:2      | Reached XP level 4. HP: 24/41 MP: 3/3
   830 | D:2      | Noticed a bullfrog
   955 | D:2      | Found a transporter.
   965 | D:2      | Found a transporter.
   985 | D:2      | Reached XP level 5. HP: 45/47 MP: 4/4
  1193 | D:2      | Reached ** piety under Trog
  1534 | D:3      | Reached skill level 5 in Fighting
  1648 | D:3      | Reached skill level 5 in Long Blades
  1666 | D:3      | Reached XP level 6. HP: 52/56 MP: 5/5
  1948 | D:4      | Reached skill level 1 in Shields
  2537 | D:4      | Reached XP level 7. HP: 58/61 MP: 6/6
  2555 | D:4      | Reached skill level 5 in Armour
  2684 | D:4      | Reached *** piety under Trog
  3124 | D:5      | Entered Level 5 of the Dungeon
  3469 | D:5      | Noticed Ijyb
  3764 | D:5      | Reached skill level 5 in Dodging
  3781 | D:5      | Killed Ijyb
  3781 | D:5      | Reached XP level 8. HP: 43/70 MP: 7/7
  4292 | D:5      | Found a hide-covered altar of Uskayaw.
  4413 | D:5      | Found a glowing silver altar of Zin.
  4414 | D:5      | Found an opulent altar of Gozag.
  4543 | D:6      | Found a sacrificial altar of Ru.
  4614 | D:6      | Found a staircase to the Ecumenical Temple.
  4660 | D:6      | Reached **** piety under Trog
  4889 | D:7      | Reached skill level 5 in Shields
  5181 | D:7      | Found a shattered altar of Ashenzari.
  5319 | D:7      | Reached XP level 9. HP: 76/79 MP: 8/8
  5342 | D:7      | Found Vestrag's Book Boutique.
  5466 | D:7      | Noticed Menkaure
  5474 | D:7      | Killed Menkaure
  5495 | D:7      | Found a shimmering altar of Xom.
  5495 | D:7      | Found a shimmering altar of Xom.
  5496 | D:7      | Found a shimmering altar of Xom.
  5496 | D:7      | Found a shimmering altar of Xom.
  5497 | D:7      | Found a shimmering altar of Xom.
  5497 | D:7      | Found a shimmering altar of Xom.
  6731 | D:8      | Found a sacrificial altar of Ru.
  6817 | D:9      | Slain by an orc warrior

Vault maps used:
D:1:      scummos_arrival_checkerplants, grunt_decor_resistance
D:2:      gammafunk_temple_overflow_arena, nrook_mini_backslash
D:5:      lemuel_coloured_pillars_altar, grunt_temple_overflow_gold_and_silver,
          first_ration, uniq_ijyb
D:6:      minmay_temple_entry_crystal_x, basic_altar
D:7:      nicolae_ashenzari_panopticon, serial_shops, shop, xom_shifter_show,
          uniq_menkaure
D:8:      kennysheep_mini
D:9:      lemuel_doored_altar, lair_entry_dummy, serial_shops,
          nicolae_shop_window_shopping, shop, serial_glass, glass_columns_a,
          glass_columns_b, item_on_display_a, due_unseen_surprise,
          feat_on_display

Skill      XL: |  1  2  3  4  5  6  7  8  9 |
---------------+----------------------------+-----
Fighting       | 4 5 6 7 8 |  8.0
Long Blades    | 4 5 6 7 8 |  8.0
Armour         | 3 4 5 6 7 |  7.6
Dodging        | 3 4 5 6 |  6.8
Shields        | 2 3 5 6 |  6.1

Action                   |  1- 3 |  4- 6 |  7- 9 || total
-------------------------+-------+-------+-------++-------
Melee: Falchion          |    45 |   131 |   351 ||   527
       Headbutt          |     9 |    29 |    81 ||   119
Throw: Tomahawk          |       |     3 |       ||     3
Invok: Berserk           |     1 |     1 |     3 ||     5
  Use: Scroll            |       |       |     9 ||     9
       Potion            |       |       |     4 ||     4
 Stab: Sleeping          |     1 |       |       ||     1
  Eat: Chunk             |       |     7 |    12 ||    19
       Ration            |       |       |     1 ||     1
Armor: Animal skin       |     6 |       |       ||     6
       Chain mail        |    19 |    79 |   144 ||   242
Dodge: Dodged            |    22 |    61 |   177 ||   260
Block: Buckler           |       |    12 |    53 ||    65
       Rpst.: Falchion   |     5 |    17 |    42 ||    64

Table legend:
 A = Spawn XP
 B = Non-spawn XP
 C = Spawn XP percentage of total XP
 D = Spawn monster count
 E = Non-spawn monster count
 F = Spawn count percentage of total count
 G = Total turns spent on level
                    A         B        C        D         E        F      G
               +---------+---------+-------+---------+---------+-------+---------
         Total |       0 |    3975 |   0.0 |       0 |     158 |   0.0 |  6817
               +---------+---------+-------+---------+---------+-------+---------
           D:1 |       0 |      39 |   0.0 |       0 |      16 |   0.0 |   672
           D:2 |       0 |     244 |   0.0 |       0 |      22 |   0.0 |   848
           D:3 |       0 |     106 |   0.0 |       0 |      15 |   0.0 |   368
           D:4 |       0 |     629 |   0.0 |       0 |      31 |   0.0 |  1236
           D:5 |       0 |     800 |   0.0 |       0 |      24 |   0.0 |  1355
           D:6 |       0 |     524 |   0.0 |       0 |      18 |   0.0 |   650
           D:7 |       0 |    1061 |   0.0 |       0 |      19 |   0.0 |   844
           D:8 |       0 |     528 |   0.0 |       0 |      11 |   0.0 |   782
           D:9 |       0 |      44 |   0.0 |       0 |       2 |   0.0 |    62
               +---------+---------+-------+---------+---------+-------+---------
